 Dungeon Crawl Stone Soup version 0.27-a0-249-g74f53ef629 (webtiles) character file.

Game seed: 15090533749254318357

30 lunkers the Gusty (level 2, -5/20 HPs)
             Began as a Demigod Air Elementalist on Feb 3, 2021.
             Killed from afar by Robin (11 damage)
             ... with a puff of flame
             ... on level 2 of the Dungeon.
             The game lasted 00:02:06 (1533 turns).

lunkers the Gusty (Demigod Air Elementalist)        Turns: 1533, Time: 00:02:07

Health: -5/20      AC:  2    Str: 11    XL:     2   Next: 84%
Magic:  2/7        EV: 12    Int: 19    God:
Gold:   57         SH:  0    Dex: 16    Spells: 4/5 levels left

rFire    . . .     SeeInvis .   (no weapon)
rCold    . . .     Faith    .   (no shield)
rNeg     . . .     Spirit   .   a - +0 robe
rPois    .         Reflect  .   (no helmet)
rElec    .         Harm     .   (no cloak)
rCorr    .         Rampage  .   (no gloves)
Will     +....                  (no boots)
Stlth    ++........             (no amulet)
HPRegen  0.06/turn              h - ring of willpower
MPRegen  0.10/turn              (no ring)

@: no status effects
A: high mp 1
a: no special abilities


You were on level 2 of the Dungeon.
You visited 1 branch of the dungeon, and saw 2 of its levels.

You collected 57 gold pieces.

Inventory:

Armour
 a - a +0 robe (worn)
Jewellery
 h - a ring of willpower (left hand)
Scrolls
 b - a scroll of fog {unknown}
 c - a scroll of noise {unknown}
 d - 2 scrolls of random uselessness {unknown}
 f - 6 scrolls of identify {unknown}
 j - a scroll of immolation {unknown}
 m - 2 scrolls of teleportation {unknown}
Potions
 e - a potion of might {unknown}
 g - a potion of flight {unknown}
 i - a potion of mutation {unknown}
 k - a potion of lignification {unknown}
 l - 2 potions of invisibility {unknown}


   Skills:
 - Level 1.7 Dodging
 - Level 1.7 Stealth
 + Level 2.2 Spellcasting
 - Level 0.8 Conjurations
 * Level 3.5 Air Magic


You had 4 spell levels left.
You knew the following spells:

 Your Spells              Type           Power        Failure   Level
a - Shock                 Conj/Air       40%          7%          1

Your spell library contained the following spells:

 Spells                   Type           Power        Failure   Level
 Swiftness                Air            15%          6%          2
 Static Discharge         Conj/Air       10%          21%         3
 Airstrike                Air            7%           36%         4
 Lightning Bolt           Conj/Air       5%           88%         5


Dungeon Overview and Level Annotations

Branches:
Dungeon (2/15)

Annotations:
D:2 Robin


Innate Abilities, Weirdness & Mutations

You have an increased reservoir of magic. (+10% MP)


Message History

* * * LOW HITPOINT WARNING * * *
Robin roars a battlecry!
The goblin goes into a battle-frenzy!
You hear a shout!
Robin roars a battlecry!
Casting: Shock (safe; 7% risk of failure)
Confirm with . or Enter, or press ? or * to list all spells.
Aiming: Shock (safe; 7% risk of failure)
Press: ? - help, Shift-Dir - straight line, f/p - goblin
Aim: a goblin (strong, 40% to evade)
The zap hits the goblin.
You kill the goblin!
Unknown command.
Unknown command.
Robin zaps a wand.
The puff of flame hits you!
* * * LOW HITPOINT WARNING * * *
There is a stone staircase leading down here.
Robin zaps a wand.
The puff of flame hits you!
Ouch! That really hurt!
You die...

#.# ##.# # #..# #. #.## #.
#g# ##.## #.# # ##...## #.#
#. ##.....#####g#
..##..<..@...>..#
#####...........#.####
##...##.##.......#..###..
##.....#.###.†.............
.................≈≈≈≈.≈≈≈≈≈
.........###.###.≈≈≈≈.≈≈≈≈≈
#........# #.##..≈≈≈≈.≈≈≈≈≈
#......#.###.##..≈≈≈≈.≈≈≈≈≈
#.#.<.##.........≈≈≈≈......


You could see Robin.

Vanquished Creatures
  A leopard gecko (D:1)
  7 goblins
  4 hobgoblins (D:1)
  3 jackals (D:1)
  3 kobolds (D:1)
  5 bats
  2 frilled lizards (D:1)
  3 rats (D:1)
28 creatures vanquished.

Notes
Turn   | Place    | Note
-------+----------+-------------------------------------------
     0 | D:1      | lunkers the Demigod Air Elementalist began the quest for
                  | the Orb.
     0 | D:1      | Reached XP level 1. HP: 14/14 MP: 5/5
   208 | D:1      | Reached skill level 3 in Air Magic
   438 | D:1      | Reached XP level 2. HP: 20/20 MP: 0/7
  1504 | D:2      | Noticed Robin
  1533 | D:2      | Killed from afar by Robin

Illustrated notes

Levels and vault maps discovered:
D:1:      dpeg_arrival_subterranean_lakeside_camping, layout_loops_ring,
          minmay_misc_feat_rugged
D:2:      layout_loops_ring, minivault_14, uniq_robin, uniq_terence,
          uniq_sigmund

Skill      XL: |  1 |
---------------+----+-----
Air Magic      | 3 |  3.5
Spellcasting   | 2 |  2.2
Dodging        | |  1.7
Stealth        | |  1.7
Conjurations   | |  0.8

Action                   || total
-------------------------++-------
Melee: Unarmed           ||    21
 Cast: Shock             ||    53
Armor: Robe              ||     2
Dodge: Dodged            ||    14

Table legend: (Time is in decaauts)
 A = Elapsed time spent in this place.
 B = Non-inter-level travel time spent in this place.
 C = Inter-level travel time spent in this place.
 D = Time resting spent in this place.
 E = Time spent auto-exploring this place.
 F = Levels seen in this place.
 G = Mean time per level.
                   A        B        C        D        E       F      G
               +--------+--------+--------+--------+--------+-----+--------+
         Total |   1534 |   1462 |     72 |     55 |   1230 |   2 |  767.0 |
       Dungeon |   1534 |   1462 |     72 |     55 |   1230 |   2 |  767.0 |
               +--------+--------+--------+--------+--------+-----+--------+

Top non-repeatable levels by time:
     D:1: 1432 daAuts
     D:2: 101 daAuts
